 Dungeon Crawl Stone Soup version 0.28-a0-1374-ga75cb3825e (webtiles) character file.

Game seed: 4517565588621785722

54 rocketpapaya the Covert (level 3, 0/27 HPs)
             Began as a Spriggan Brigand on Dec 31, 2021.
             Succumbed to an adder's poison
             ... on level 2 of the Dungeon.
             The game lasted 00:05:26 (1891 turns).

rocketpapaya the Covert (Spriggan Brigand)          Turns: 1891, Time: 00:05:27

Health: 0/27       AC: 21    Str:  5 (7)  XL:     3   Next: 66%
Magic:  4/4        EV:  4    Int:  9 (12) God:
Gold:   26         SH:  0    Dex: 16 (18) Spells: 2/2 levels left

rFire   . . .      SeeInvis +   j - +1 dagger (speed)
rCold   . . .      Faith    .   (no shield)
rNeg    . . .      Spirit   .   (armour currently unavailable)
rPois   +          Reflect  .   (helmet currently unavailable)
rElec   .          Harm     .   (cloak currently unavailable)
rCorr   .          Rampage  .   (gloves unavailable)
Will    .....      NoTele   +   (boots unavailable)
Stlth   ++++......              (no amulet)
HPRegen 0.09/turn               (no ring)
MPRegen 0.09/turn               (no ring)

@: mighty, lethally poisoned (0 -> -3), tree-form
A: stationary, stasis, torment immunity, boosted hp, very small, no large
weapons, unfitting armour, see invisible, (speed 3)
a: no special abilities


You were on level 2 of the Dungeon.
You were a tree.
You visited 1 branch of the dungeon, and saw 2 of its levels.

You collected 48 gold pieces.
You spent 22 gold pieces at shops.

Inventory:

Hand Weapons
 a - a +2 dagger
 j - a +1 dagger of speed (weapon)
Missiles
 d - a poisoned dart (quivered)
 e - 2 curare-tipped darts
Armour
 b - a +0 robe (melded)
 c - a +0 cloak (melded)
Scrolls
 g - a scroll of teleportation
Potions
 f - a potion of lignification


   Skills:
 - Level 1.5 Fighting
 + Level 2.5 Short Blades
 - Level 2.0 Throwing
 - Level 1.3 Dodging
 - Level 8.0 Stealth


You had 2 spell levels left.
You didn't know any spells.
Your spell library was empty.

Dungeon Overview and Level Annotations

Branches:
Dungeon (2/15)

Altars:

Shops:
D:2 ?


Innate Abilities, Weirdness & Mutations

You are a tree.
Your roots penetrate the ground, keeping you stationary.
You cannot be teleported.
You are immune to unholy pain and torment.
Your maximum health is greatly increased.
Your equipment is partially melded.
You are very small and have problems with some larger weapons.
You are too small for most types of armour.
You have supernaturally acute eyesight. (SInv)
((You cover ground extremely quickly. (Speed+++)))


Message History

You closely miss the adder.
The adder is almost dead.
The adder completely misses you.
You barely miss the adder.
The adder is almost dead.
You closely miss the adder.
The adder is almost dead.
The adder bites you.
You are poisoned.
The adder poisons you!
You closely miss the adder.
The adder is almost dead.
* * * LOW HITPOINT WARNING * * *
You feel sick. The adder bites you.
* * * LOW HITPOINT WARNING * * *
You are more poisoned.
The adder poisons you!
It was a potion of lignification.
You turn into a tree.
Your +0 cloak melds into your body.
Your +0 robe melds into your body.
Your roots penetrate the ground.
* * * LOW HITPOINT WARNING * * *
You feel sick. The adder bites you but does no damage.
It was a potion of degeneration.
There was something very wrong with that liquid.
You feel weakened.
You feel dopey.
You feel clumsy.
* * * LOW HITPOINT WARNING * * *
You feel sick. The adder bites you but does no damage.
It was a potion of magic.
Magic courses through your body.
* * * LOW HITPOINT WARNING * * *
You feel sick.
The adder bites you but does no damage. x2
It was a potion of might.
You feel very mighty all of a sudden.
* * * LOW HITPOINT WARNING * * *
You feel sick. The adder barely misses you.
You closely miss the adder.
The adder is almost dead.
The adder bites you but does no damage.
You miss the adder.
The adder is almost dead.
You die...

..# #...........#
..####.....).....#
........<........# ######
.....##.........## #....#
##.#.###.......## #....#
#.#.#####.##### #÷...#
#.#.....#.# #....#
##.#####...###########....#
^..[.....(.....S♣.))).....#
##.####.#.############....#
#.# #.#.# #)...# #.# #.#..
#....# #.# #.##.. #.)..#
#.# ..# .. ##.### #># .##
... ##.# #.# . ... ##..#
..# ... #..##


You could see an adder.

Vanquished Creatures
  Robin (D:2)
  3 endoplasms (D:1)
  A giant cockroach (D:1)
  12 goblins
  5 hobgoblins
  2 quokkas (D:1)
  6 ball pythons
  3 bats
  5 kobolds (D:1)
38 creatures vanquished.

Notes
Turn   | Place    | Note
-------+----------+-------------------------------------------
     0 | D:1      | rocketpapaya the Spriggan Brigand began the quest for the
                  | Orb.
     0 | D:1      | Reached XP level 1. HP: 10/10 MP: 2/2
    29 | D:1      | Reached skill level 6 in Stealth
   265 | D:1      | Reached XP level 2. HP: 14/14 MP: 3/3
   352 | D:1      | Reached skill level 7 in Stealth
   515 | D:1      | Found a faded altar of an unknown god.
  1214 | D:2      | Reached XP level 3. HP: 18/18 MP: 4/4
  1320 | D:2      | Noticed Robin
  1334 | D:2      | Killed Robin
  1335 | D:2      | Reached skill level 8 in Stealth
  1803 | D:2      | Found Awnaluoqi's Magic Scroll Shoppe.
  1811 | D:2      | Bought a scroll of identify for 22 gold pieces
  1888 | D:2      | HP: 1/27 [poisoned by an adder]
  1891 | D:2      | Succumbed to an adder's poison

Illustrated notes

Levels and vault maps discovered:
D:1:      minmay_arrival_three_doors, layout_loops_ring, basic_ecumenical_altar
D:2:      layout_rooms, serial_shops, shop, uniq_sigmund, uniq_robin,
          uniq_terence

Skill      XL: |  1  2  3 |
---------------+----------+-----
Stealth        | 6 7 8 |  8.0
Fighting       | |  1.5
Short Blades   | |  2.5
Throwing       | |  2.0
Dodging        | |  1.3

Action                   || total
-------------------------++-------
Melee: Dagger            ||   161
Throw: Dart              ||    15
  Use: Potion            ||     4
       Scroll            ||     1
 Stab: Sleeping          ||    13
Armor: Robe              ||    14
       Skin              ||     5
Dodge: Dodged            ||    85

Table legend: (Time is in decaauts)
 A = Elapsed time spent in this place.
 B = Non-inter-level travel time spent in this place.
 C = Inter-level travel time spent in this place.
 D = Time resting spent in this place.
 E = Time spent auto-exploring this place.
 F = Levels seen in this place.
 G = Mean time per level.
                   A        B        C        D        E       F      G
               +--------+--------+--------+--------+--------+-----+--------+
         Total |   1529 |   1525 |      4 |    524 |    684 |   2 |  764.5 |
       Dungeon |   1529 |   1525 |      4 |    524 |    684 |   2 |  764.5 |
               +--------+--------+--------+--------+--------+-----+--------+

Top non-repeatable levels by time:
     D:1: 939 daAuts
     D:2: 589 daAuts
